 Dungeon Crawl Stone Soup version 0.28.0-47-ge53b351184 (webtiles) character file.

Game seed: 11692129138262459719

158 GigaChad the Slasher (level 5, -5/47 HPs)
             Began as a Minotaur Fighter on May 3, 2022.
             Was a Follower of Nemelex Xobeh.
             Killed from afar by an orc wizard (8 damage)
             ... with a magic dart
             ... on level 3 of the Dungeon.
             The game lasted 00:04:25 (1459 turns).

GigaChad the Slasher (Minotaur Fighter)             Turns: 1459, Time: 00:04:25

Health: -5/47      AC:  8    Str: 21    XL:     5   Next: 16%
Magic:  4/4        EV:  9    Int:  5    God:    Nemelex Xobeh [*.....]
Gold:   66         SH:  4    Dex: 11    Spells: 4/4 levels left

rFire   . . .      SeeInvis .   a - +0 long sword
rCold   . . .      Faith    .   c - +0 buckler
rNeg    . . .      Spirit   .   b - +1 scale mail
rPois   .          Reflect  .   (helmet restricted)
rElec   .          Harm     .   (no cloak)
rCorr   .          Rampage  .   (no gloves)
Will    .....                   (no boots)
Stlth   ..........              (no amulet)
HPRegen 0.15/turn               (no ring)
MPRegen 0.09/turn               (no ring)

@: no status effects
A: horns 2, retaliatory headbutt
a: Renounce Religion, Draw Escape, Draw Destruction, Draw Summoning


You were on level 3 of the Dungeon.
You worshipped Nemelex Xobeh.
Nemelex Xobeh was aware of your devotion.
You visited 1 branch of the dungeon, and saw 3 of its levels.

You collected 66 gold pieces.

Inventory:

Hand Weapons
 a - a +0 long sword (weapon)
Armour
 b - a +1 scale mail (worn)
 c - a +0 buckler (worn)
Magical Staves
 k - a staff of fire
Jewellery
 j - a ring of resist corrosion
Scrolls
 e - a scroll of teleportation
 g - a scroll of immolation
 h - a scroll of amnesia {unknown}
 i - 2 scrolls of identify
 l - a scroll of holy word {unknown}
Potions
 d - a potion of might
 f - a potion of curing {unknown}
 m - a potion of degeneration {unknown}
 n - a potion of heal wounds {unknown}
 o - a potion of magic {unknown}


   Skills:
 + Level 4.4 Fighting
 + Level 4.5 Long Blades
 + Level 4.4 Armour
 + Level 1.3 Dodging
 + Level 0.1 Stealth
 + Level 4.2 Shields


You had 4 spell levels left.
You didn't know any spells.
Your spell library was empty.

Dungeon Overview and Level Annotations

Branches:
Dungeon (3/15)

Altars:
Nemelex Xobeh


Innate Abilities, Weirdness & Mutations

You have a pair of horns on your head.
You reflexively headbutt those who attack you in melee.


Message History

You completely miss something. Your headbutt misses something.
The orc wizard hits you but does no damage.
Something hits you but does no damage. The orc wizard barely misses you.
Something hits you.
* * * LOW HITPOINT WARNING * * *
You're too confused to move!
The orc wizard hits you but does no damage.
You hear some strange, mumbled words.
Something tries to affect you, but you resist.
The orc wizard hits you but does no damage.
Something hits you but does no damage.
You see here a +0 club.
You completely miss something. The orc wizard barely misses you.
Something hits you.
* * * LOW HITPOINT WARNING * * *
The orc wizard hits you but does no damage.
You're too confused to move!
You feel less confused. Something hits you.
* * * LOW HITPOINT WARNING * * *
The orc wizard casts a spell at you. You resist with some effort.
You slash something!
Reactivating autopickup.
You feel a bit more experienced. You block the orc wizard's attack.
You have reached level 5!
The orc wizard hits you but does no damage.
You barely miss the orc wizard.
The orc wizard is lightly wounded.
The orc wizard closely misses you.
You hit the orc wizard. You headbutt the orc wizard.
The orc wizard is heavily wounded.
The orc wizard hits you with a +0 dagger.
* * * LOW HITPOINT WARNING * * *
You closely miss the orc wizard.
The orc wizard is heavily wounded.
The orc wizard gestures at you while chanting.
The magic dart hits you!
You die...
Your body glows slightly and disappears.

..#.#.#.# ###.#.#...##
........... ####'#.......
#....)##############
#....)'............#.
#.....#.##########.#.
#...o)#.# ........[..
#...@.#.# .........#.
#........#.. ...........
............. ...........
##.........##########.###
#.........# #........#
#.##......# #.#########
#. #......###..<......#
#......#...#.#####.#
#.#.#.# #.#


You could see an orc wizard.

Vanquished Creatures
  An orc priest (D:3)
  Jessica (D:2)
  An orc wizard (D:3)
  Robin (D:2)
  2 adders
  A worm (D:2)
  2 dart slugs (D:1)
  2 orcs (D:3)
  4 endoplasms
  A giant cockroach (D:1)
  8 hobgoblins
  3 jackals (D:1)
  3 kobolds
  6 goblins
  4 rats (D:1)
40 creatures vanquished.

Notes
Turn   | Place    | Note
-------+----------+-------------------------------------------
     0 | D:1      | GigaChad the Minotaur Fighter began the quest for the Orb.
     0 | D:1      | Reached XP level 1. HP: 19/19 MP: 0/0
   110 | D:1      | Reached XP level 2. HP: 18/27 MP: 1/1
   381 | D:1      | Found a faded altar of an unknown god.
   424 | D:1      | Prayed at the altar of an unknown god.
   424 | D:1      | Became a worshipper of Nemelex Xobeh the Trickster
   424 | D:1      | Reached * piety under Nemelex Xobeh
   758 | D:2      | Reached XP level 3. HP: 31/33 MP: 2/2
   915 | D:2      | Reached skill level 1 in Dodging
   970 | D:2      | Noticed Jessica
   974 | D:2      | Killed Jessica
   975 | D:2      | Reached XP level 4. HP: 40/40 MP: 3/3
  1053 | D:2      | Noticed Robin
  1056 | D:2      | Received a gift from Nemelex Xobeh
  1059 | D:2      | Killed Robin
  1456 | D:3      | Reached XP level 5. HP: 6/47 MP: 4/4
  1459 | D:3      | Killed from afar by an orc wizard

Illustrated notes

Levels and vault maps discovered:
D:1:      onia_arrival_mini_spirals, layout_rooms,
          chequers_ecumenical_altar_simple_redux
D:2:      layout_basic, uniq_robin, uniq_jessica
D:3:      layout_basic, serial_shops, nicolae_shop_stone, grunt_ministairs_12,
          saegor_snake_ambush

Skill      XL: |  1  2  3  4 |
---------------+-------------+-----
Armour         | 4 |  4.4
Shields        | 4 |  4.2
Fighting       | 4 |  4.4
Dodging        | 1 |  1.3
Long Blades    | 3 4 |  4.5
Stealth        | |  0.1

Action                   |  1- 3 |  4- 6 || total
-------------------------+-------+-------++-------
Melee: Long sword        |    60 |    34 ||    94
       Headbutt          |     9 |     5 ||    14
  Use: Scroll            |     5 |       ||     5
Armor: Scale mail        |    35 |    30 ||    65
Dodge: Dodged            |    40 |    22 ||    62
Block: Buckler           |    20 |    11 ||    31
